Nashville Predators vs San Jose Sharks
Created - Friday, September 22, 2023 at 07:37
Goals
|
| Nashville Predators |
0 |
2 |
1 |
3 |
| San Jose Sharks |
2 |
0 |
2 |
4 |
|
Shots
|
| Nashville Predators |
14 |
16 |
9 |
39 |
| San Jose Sharks |
11 |
11 |
7 |
29 |
|
1st period
1. San Jose Sharks , Andreas Athanasiou 4 (Nicholas Paul 7, Oliver Bjorkstrand 14) at 13:58
2. San Jose Sharks , Travis Boyd 6 (Nicholas Paul 8, Andreas Athanasiou 10) at 14:52
Penalties :
Corey Perry (NSH) for Kneeing (Minor) at 3:02, Anthony Deangelo (SJS) for Holding (Minor) at 15:29
2nd period
3. Nashville Predators , Blake Wheeler 8 (Thomas Novak 9) at 4:53
4. Nashville Predators , Thomas Novak 6 (Blake Wheeler 10, Cale Makar 21) at 5:01
Penalties :
Ryan Hartman (SJS) for High sticking (Minor) at 6:02, Riley Nash (NSH) for Holding (Minor) at 9:47, Anthony Deangelo (SJS) for Hooking (Minor) at 19:38
3rd period
5. Nashville Predators , Thomas Novak 7 (Cale Makar 22, Rasmus Ristolainen 8) at 0:13 (PP)
6. San Jose Sharks , Michael Bunting 8 (Oliver Bjorkstrand 15) at 4:06
7. San Jose Sharks , Michael Bunting 9 (Danton Heinen 4) at 11:58
Penalties :
Riley Nash (NSH) for Roughing (Minor) at 5:07, Alex Newhook (NSH) for Hooking (Minor) at 7:19, Cale Makar (NSH) for High sticking (Minor) at 12:32
Goalie Stats
Adin Hill (NSH), 25 saves from 29 shots - (0.862), L, 5-6-1, 58:31 minutes
Martin Jones (SJS), 36 saves from 39 shots - (0.923), W, 8-6-5, 60:00 minutes
Players Stats for Nashville Predators
Player Name G A P +/- PIM S H SB GA TA FO MP PP MP PK MP
------------------------------------------------------------------------------------
Alex Newhook 0 0 0 -1 2 2 2 0 2 0 0/1 14:42 0:00 0:20
Alexander Alexeyev 0 0 0 -1 0 2 2 1 0 1 0/0 17:09 2:16 0:25
Blake Wheeler 1 1 2 1 0 3 0 0 1 0 3/4 18:06 2:17 2:32
Brett Leason 0 0 0 -1 0 2 1 0 0 0 0/1 12:32 0:00 4:20
Cale Makar 0 2 2 0 2 8 3 1 0 1 0/0 24:48 2:17 3:53
Corey Perry 0 0 0 -1 2 2 0 0 1 2 0/0 16:54 2:17 0:00
Justin Braun 0 0 0 -1 0 1 0 2 0 0 0/0 13:36 0:00 0:25
Kevin Labanc 0 0 0 1 0 0 1 1 1 1 1/1 15:26 2:17 0:00
Markus Niemelainen 0 0 0 -1 0 0 0 1 0 1 0/0 19:18 0:00 5:01
Michael Carcone 0 0 0 -1 0 3 1 1 1 0 7/7 14:22 0:00 0:00
Nate Schmidt 0 0 0 -1 0 2 0 0 0 1 0/0 20:31 2:16 5:01
Patrick Maroon 0 0 0 -1 0 0 1 0 1 0 0/0 8:07 0:00 0:59
Rasmus Ristolainen 0 1 1 0 0 2 0 0 0 1 0/0 25:19 2:17 5:05
Riley Nash 0 0 0 -1 4 2 1 1 0 0 1/11 16:31 2:16 2:43
Ryan Carpenter 0 0 0 -1 0 3 0 1 0 1 3/6 11:30 0:00 4:20
Sam Gagner 0 0 0 -1 0 3 4 0 0 0 0/0 12:17 2:16 0:00
Thomas Novak 2 1 3 1 0 3 3 1 0 0 5/16 14:15 2:16 0:00
Zemgus Girgensons 0 0 0 -1 0 1 2 0 0 1 0/0 14:37 0:00 4:36
Players Stats for San Jose Sharks
Player Name G A P +/- PIM S H SB GA TA FO MP PP MP PK MP
------------------------------------------------------------------------------------
Adam Henrique 0 0 0 0 0 0 2 2 0 1 13/22 21:01 4:40 2:18
Alex Iafallo 0 0 0 0 0 3 1 0 1 0 2/2 21:01 4:40 2:22
Andreas Athanasiou 1 1 2 2 0 3 0 0 1 0 0/0 12:11 0:11 0:00
Anthony Deangelo 0 0 0 1 4 0 3 2 1 1 0/0 22:01 5:00 0:00
Calle Rosen 0 0 0 1 0 1 0 1 0 0 0/0 14:51 0:00 2:17
Danton Heinen 0 1 1 2 0 0 0 1 0 1 0/0 8:16 0:11 0:11
Derek Forbort 0 0 0 0 0 0 2 2 0 0 0/0 23:10 4:55 2:16
Jacob Middleton 0 0 0 1 0 1 3 1 0 0 0/0 14:51 0:00 2:17
Joel Edmundson 0 0 0 1 0 1 3 1 0 2 0/0 21:59 5:00 0:00
Michael Bunting 2 0 2 2 0 3 2 1 1 1 0/1 8:30 0:11 0:00
Mike Hoffman 0 0 0 2 0 1 1 0 0 1 1/2 9:18 0:00 1:03
Nicholas Paul 0 2 2 2 0 1 0 0 1 0 5/8 11:32 0:00 0:01
Nikita Zadorov 0 0 0 0 0 2 1 2 0 0 0/0 23:10 4:55 2:16
Oliver Bjorkstrand 0 2 2 -2 0 3 2 0 4 0 0/0 16:43 5:04 0:00
Ryan Hartman 0 0 0 0 2 4 2 0 0 0 0/0 20:27 4:40 1:12
Ryan Strome 0 0 0 -2 0 1 2 0 0 0 1/1 16:43 5:04 0:00
Travis Boyd 1 0 1 2 0 2 1 1 0 0 0/0 10:54 0:00 0:00
William Karlsson 0 0 0 -2 0 3 2 0 1 0 5/11 18:46 5:04 1:59
3 Stars
1 - Thomas Novak (NSH)
2 - Michael Bunting (SJS)
3 - Andreas Athanasiou (SJS)
Power Play
Nashville Predators - 1 on 3 Attempt(s) - 33.33%
San Jose Sharks - 0 on 5 Attempt(s) - 0.00%
Penalty Kill
Nashville Predators - 5 on 5 Attempt(s) - 100.00%
- Score 0 goal in Penalty Kill
San Jose Sharks - 2 on 3 Attempt(s) - 66.67%
- Score 0 goal in Penalty Kill
Team Stat
Nashville Predators - Hits : 21 - Faceoff Wins : 20 - Blocked Shots : 10 - Penalty Minutes : 10
San Jose Sharks - Hits : 27 - Faceoff Wins : 27 - Blocked Shots : 14 - Penalty Minutes : 6
Official
Referees : Wes McCauley and Rob Martell
Linesman : Scott Driscoll and Mark Shewchyk
Game Notes
No Game Note
Finance
Level 1 -- Attendance: 5175 (86.25%) -- Ticket Income $501,975
Level 2 -- Attendance: 4663 (93.26%) -- Ticket Income $265,791
Level 3 -- Attendance: 3000 (100.00%) -- Ticket Income $99,000
Level 4 -- Attendance: 4510 (90.20%) -- Ticket Income $99,220
Luxury Box -- Attendance: 979 (97.90%) -- Ticket Income $188,947
Game was played at the SAP Center at San Jose.
Total Attendance: 18327 (91.64%)
Total Ticket Income: $1,154,933
Other Income: $404,227
Total Income: $1,559,160
Nashville Predators
5 vs 5 Forward
Center Left Wing Right Wing Time % Phy DF OF
1 Thomas Novak Kevin Labanc Blake Wheeler 30 1 2 2
2 Michael Carcone Alex Newhook Corey Perry 30 1 2 2
3 Riley Nash Zemgus Girgensons Sam Gagner 25 1 2 2
4 Ryan Carpenter Patrick Maroon Brett Leason 15 1 2 2
5 vs 5 Defense
Defense Defense Time % Phy DF OF
1 Cale Makar Rasmus Ristolainen 30 1 2 2
2 Nate Schmidt Justin Braun 30 1 2 2
3 Alexander Alexeyev Markus Niemelainen 25 1 2 2
4 Cale Makar Rasmus Ristolainen 15 1 2 2
PowerPlay Forward
Center Left Wing Right Wing Time % Phy DF OF
1 Blake Wheeler Kevin Labanc Corey Perry 50 1 2 2
2 Thomas Novak Riley Nash Sam Gagner 50 1 2 2
PowerPlay Defense
Defense Defense Time % Phy DF OF
1 Cale Makar Rasmus Ristolainen 50 1 2 2
2 Nate Schmidt Alexander Alexeyev 50 1 2 2
Penalty Kill 4 Players Forward
Center Wing Time % Phy DF OF
1 Riley Nash Zemgus Girgensons 50 1 2 2
2 Ryan Carpenter Brett Leason 50 1 2 2
Penalty Kill 4 Players Defense
Defense Defense Time % Phy DF OF
1 Cale Makar Rasmus Ristolainen 50 1 2 2
2 Nate Schmidt Markus Niemelainen 50 1 2 2
Penalty Kill - 3 Players Forward
Forward Time % Phy DF OF
1 Riley Nash 50 1 2 2
2 Ryan Carpenter 50 1 2 2
Penalty Kill - 3 Players Defense
Defense Defense Time % Phy DF OF
1 Cale Makar Rasmus Ristolainen 50 1 2 2
2 Nate Schmidt Markus Niemelainen 50 1 2 2
4 vs 4 Forward
Center Wing Time % Phy DF OF
1 Thomas Novak Blake Wheeler 50 1 2 2
2 Michael Carcone Kevin Labanc 50 1 2 2
4 vs 4 Defense
Defense Defense Time % Phy DF OF
1 Cale Makar Rasmus Ristolainen 50 1 2 2
2 Nate Schmidt Alexander Alexeyev 50 1 2 2
Last Minutes Offensive
Center Left Wing Right Wing Defense Defense
Blake Wheeler Kevin Labanc Corey Perry Cale Makar Rasmus Ristolainen
Last Minutes Defensive
Center Left Wing Right Wing Defense Defense
Blake Wheeler Kevin Labanc Corey Perry Cale Makar Rasmus Ristolainen
Goaltenders
Starting : Adin Hill
Backup : Kevin Lankinen
Extra Forwards
Normal : Brett Leason, Alex Newhook, Zemgus Girgensons - PP : Brett Leason, Alex Newhook - PK : Zemgus Girgensons
Extra Defensemen
Normal : Alexander Alexeyev, Markus Niemelainen, Nate Schmidt - PP : Alexander Alexeyev - PK : Markus Niemelainen, Nate Schmidt
Penalty Shots
Blake Wheeler, Corey Perry, Thomas Novak, Kevin Labanc, Riley Nash
San Jose Sharks
5 vs 5 Forward
Center Left Wing Right Wing Time % Phy DF OF
1 Adam Henrique Alex Iafallo Ryan Hartman 30 1 2 2
2 William Karlsson Oliver Bjorkstrand Ryan Strome 30 1 2 2
3 Nicholas Paul Andreas Athanasiou Travis Boyd 25 1 2 2
4 Mike Hoffman Michael Bunting Danton Heinen 15 1 2 2
5 vs 5 Defense
Defense Defense Time % Phy DF OF
1 Derek Forbort Nikita Zadorov 35 1 2 2
2 Joel Edmundson Anthony Deangelo 35 1 2 2
3 Jacob Middleton Calle Rosen 30 1 2 2
4 Derek Forbort Joel Edmundson 0 1 2 2
PowerPlay Forward
Center Left Wing Right Wing Time % Phy DF OF
1 Adam Henrique Alex Iafallo Ryan Hartman 50 1 2 2
2 William Karlsson Oliver Bjorkstrand Ryan Strome 50 1 2 2
PowerPlay Defense
Defense Defense Time % Phy DF OF
1 Derek Forbort Nikita Zadorov 50 1 2 2
2 Joel Edmundson Anthony Deangelo 50 1 2 2
Penalty Kill 4 Players Forward
Center Wing Time % Phy DF OF
1 Adam Henrique William Karlsson 50 1 2 2
2 Alex Iafallo Ryan Hartman 50 1 2 2
Penalty Kill 4 Players Defense
Defense Defense Time % Phy DF OF
1 Derek Forbort Nikita Zadorov 50 1 2 2
2 Jacob Middleton Calle Rosen 50 1 2 2
Penalty Kill - 3 Players Forward
Forward Time % Phy DF OF
1 Adam Henrique 50 1 2 2
2 William Karlsson 50 1 2 2
Penalty Kill - 3 Players Defense
Defense Defense Time % Phy DF OF
1 Derek Forbort Jacob Middleton 50 1 2 2
2 Nikita Zadorov Anthony Deangelo 50 1 2 2
4 vs 4 Forward
Center Wing Time % Phy DF OF
1 Adam Henrique William Karlsson 50 1 2 2
2 Alex Iafallo Ryan Hartman 50 1 2 2
4 vs 4 Defense
Defense Defense Time % Phy DF OF
1 Nikita Zadorov Derek Forbort 50 1 2 2
2 Joel Edmundson Jacob Middleton 50 1 2 2
Last Minutes Offensive
Center Left Wing Right Wing Defense Defense
Adam Henrique Alex Iafallo Ryan Hartman Derek Forbort Nikita Zadorov
Last Minutes Defensive
Center Left Wing Right Wing Defense Defense
Adam Henrique Alex Iafallo Ryan Hartman Derek Forbort Nikita Zadorov
Goaltenders
Starting : Martin Jones
Backup : James Reimer
Extra Forwards
Normal : Michael Bunting, Andreas Athanasiou, Mike Hoffman - PP : Michael Bunting, Andreas Athanasiou - PK : Mike Hoffman
Extra Defensemen
Normal : Nikita Zadorov, Jacob Middleton, Derek Forbort - PP : Nikita Zadorov - PK : Jacob Middleton, Derek Forbort
Penalty Shots
Adam Henrique, William Karlsson, Alex Iafallo, Ryan Hartman, Ryan Strome
% Time on Ice - Nashville Predators
Lines # - Real PCT - Wanted PCT - Time Play
Normal Forward
1 - 29% - 30% - 12:57
2 - 34% - 30% - 15:14
3 - 23% - 25% - 10:01
4 - 14% - 15% - 6:18
Normal Defense
1 - 28% - 30% - 12:36
2 - 30% - 30% - 13:14
3 - 32% - 25% - 14:17
4 - 10% - 15% - 4:23
PP Forward
1 - 50% - 50% - 2:17
2 - 50% - 50% - 2:16
PP Defense
1 - 50% - 50% - 2:17
2 - 50% - 50% - 2:16
PK Forward
1 - 53% - 50% - 5:14
2 - 47% - 50% - 4:41
PK Defense
1 - 55% - 50% - 5:30
2 - 45% - 50% - 4:25
PK3 Forward
1 - 0% - 50%
2 - 0% - 50%
PK3 Defense
1 - 0% - 50%
2 - 0% - 50%
44 Forward
1 - 0% - 50%
2 - 0% - 50%
44 Defense
1 - 0% - 50%
2 - 0% - 50%
Last Minute Offensive - 1:02
Last Minute Defensive - 0:00
Total
Forward - 60:00
Defense - 60:00
|
% Time on Ice - San Jose Sharks
Lines # - Real PCT - Wanted PCT - Time Play
Normal Forward
1 - 32% - 30% - 14:07
2 - 28% - 30% - 12:16
3 - 24% - 25% - 10:54
4 - 16% - 15% - 7:13
Normal Defense
1 - 34% - 35% - 14:57
2 - 38% - 35% - 17:03
3 - 28% - 30% - 12:30
4 - 0% - 0% - 0:00
PP Forward
1 - 49% - 50% - 4:51
2 - 51% - 50% - 5:04
PP Defense
1 - 50% - 50% - 4:55
2 - 50% - 50% - 5:00
PK Forward
1 - 46% - 50% - 2:06
2 - 54% - 50% - 2:27
PK Defense
1 - 50% - 50% - 2:16
2 - 50% - 50% - 2:17
PK3 Forward
1 - 0% - 50%
2 - 0% - 50%
PK3 Defense
1 - 0% - 50%
2 - 0% - 50%
44 Forward
1 - 0% - 50%
2 - 0% - 50%
44 Defense
1 - 0% - 50%
2 - 0% - 50%
Last Minute Offensive - 0:00
Last Minute Defensive - 1:02
Total
Forward - 60:00
Defense - 60:00
|
Play-by-Play
1st period
0:01 of 1st period - Adam Henrique wins face-off versus Thomas Novak in neutral zone.
1:10 of 1st period - Alexander Alexeyev is hit by Michael Bunting and loses puck.
1:31 of 1st period - Alex Iafallo is hit by Alexander Alexeyev and loses puck.
1:54 of 1st period - Rasmus Ristolainen is hit by Oliver Bjorkstrand and loses puck.
2:13 of 1st period - Nicholas Paul is hit by Cale Makar and loses puck.
2:22 of 1st period - Cale Makar is hit by Joel Edmundson and loses puck.
2:35 of 1st period - Wrist shot by Patrick Maroon.
2:35 of 1st period - Shot Misses the Net.
2:37 of 1st period - Wrist shot by Rasmus Ristolainen.
2:37 of 1st period - Shot Blocked by Danton Heinen.
2:39 of 1st period - Snap shot by Ryan Carpenter.
2:39 of 1st period - Shot Misses the Net.
2:41 of 1st period - Snap shot by Ryan Carpenter.
2:41 of 1st period - Stopped by Martin Jones with a rebound.
2:55 of 1st period - Snap shot by Alex Iafallo.
2:55 of 1st period - Shot Blocked by Thomas Novak.
2:57 of 1st period - Snap shot by Ryan Hartman.
2:57 of 1st period - Shot Misses the Net.
2:59 of 1st period - Slapshot by Jacob Middleton.
2:59 of 1st period - Stopped by Adin Hill without a rebound.
3:00 of 1st period - Michael Carcone wins face-off versus Adam Henrique in Nashville Predators zone.
3:02 of 1st period - Minor Penalty to Corey Perry for Kneeing.
3:03 of 1st period - Adam Henrique wins face-off versus Riley Nash in Nashville Predators zone.
5:02 of 1st period - Penalty to Corey Perry is over, Corey Perry is back on ice.
5:17 of 1st period - Slapshot by Alex Newhook.
5:17 of 1st period - Stopped by Martin Jones with a rebound.
5:19 of 1st period - Slapshot by Cale Makar.
5:19 of 1st period - Shot Blocked by Travis Boyd.
5:23 of 1st period - Wrist shot by Cale Makar.
5:23 of 1st period - Shot Misses the Net.
5:33 of 1st period - Kevin Labanc is hit by Michael Bunting and loses puck.
5:47 of 1st period - Icing by Calle Rosen.
5:48 of 1st period - Mike Hoffman wins face-off versus Riley Nash in San Jose Sharks zone.
5:59 of 1st period - Justin Braun is hit by Ryan Strome and loses puck.
6:14 of 1st period - Andreas Athanasiou is hit by Michael Carcone and loses puck.
6:55 of 1st period - Snap shot by Ryan Hartman.
6:55 of 1st period - Shot Misses the Net.
6:57 of 1st period - Slapshot by Ryan Hartman.
6:57 of 1st period - Shot Misses the Net.
6:59 of 1st period - Snap shot by Alex Iafallo.
6:59 of 1st period - Shot Misses the Net.
7:24 of 1st period - Slapshot by Cale Makar.
7:24 of 1st period - Shot Misses the Net.
8:15 of 1st period - Slapshot by Cale Makar.
8:15 of 1st period - Stopped by Martin Jones with a rebound.
8:17 of 1st period - Snap shot by Brett Leason.
8:17 of 1st period - Shot Blocked by Calle Rosen.
8:19 of 1st period - Snap shot by Ryan Carpenter.
8:19 of 1st period - Shot Misses the Net.
8:21 of 1st period - Snap shot by Ryan Carpenter.
8:21 of 1st period - Stopped by Martin Jones with a rebound.
8:23 of 1st period - Slapshot by Rasmus Ristolainen.
8:23 of 1st period - Stopped by Martin Jones with a rebound.
8:25 of 1st period - Slapshot by Rasmus Ristolainen.
8:25 of 1st period - Shot Blocked by Jacob Middleton.
8:39 of 1st period - Snap shot by Oliver Bjorkstrand.
8:39 of 1st period - Stopped by Adin Hill with a rebound.
8:41 of 1st period - Snap shot by William Karlsson.
8:41 of 1st period - Shot Blocked by Justin Braun.
8:55 of 1st period - Nicholas Paul is hit by Sam Gagner.
8:59 of 1st period - Zemgus Girgensons is hit by Nikita Zadorov and loses puck.
9:22 of 1st period - Kevin Labanc is hit by Alex Iafallo and loses puck.
9:37 of 1st period - Snap shot by Ryan Hartman.
9:37 of 1st period - Shot Blocked by Ryan Carpenter.
9:39 of 1st period - Snap shot by William Karlsson.
9:39 of 1st period - Stopped by Adin Hill with a rebound.
9:41 of 1st period - Slapshot by Oliver Bjorkstrand.
9:41 of 1st period - Stopped by Adin Hill with a rebound.
9:43 of 1st period - Wrist shot by Nikita Zadorov.
9:43 of 1st period - Stopped by Adin Hill without a rebound.
9:44 of 1st period - Michael Carcone wins face-off versus William Karlsson in Nashville Predators zone.
9:48 of 1st period - Icing by Alex Newhook.
9:49 of 1st period - William Karlsson wins face-off versus Alex Newhook in Nashville Predators zone.
9:54 of 1st period - Wrist shot by William Karlsson.
9:54 of 1st period - Shot Blocked by Markus Niemelainen.
10:02 of 1st period - Snap shot by Corey Perry.
10:02 of 1st period - Shot Misses the Net.
10:04 of 1st period - Snap shot by Alexander Alexeyev.
10:04 of 1st period - Stopped by Martin Jones with a rebound.
10:20 of 1st period - Snap shot by Thomas Novak.
10:20 of 1st period - Shot Hit the Post.
11:01 of 1st period - Backhand shot by Sam Gagner.
11:01 of 1st period - Shot Blocked by Derek Forbort.
11:03 of 1st period - Snap shot by Riley Nash.
11:03 of 1st period - Shot Misses the Net.
11:05 of 1st period - Slapshot by Justin Braun.
11:05 of 1st period - Stopped by Martin Jones without a rebound.
11:06 of 1st period - Michael Carcone wins face-off versus William Karlsson in San Jose Sharks zone.
11:35 of 1st period - Snap shot by Alex Iafallo.
11:35 of 1st period - Shot Misses the Net.
11:37 of 1st period - Snap shot by Alex Iafallo.
11:37 of 1st period - Shot Blocked by Cale Makar.
11:39 of 1st period - Slapshot by Ryan Hartman.
11:39 of 1st period - Stopped by Adin Hill without a rebound.
11:40 of 1st period - Riley Nash wins face-off versus Adam Henrique in Nashville Predators zone.
13:11 of 1st period - Snap shot by Alex Iafallo.
13:11 of 1st period - Deflect By Riley Nash.
13:11 of 1st period - Stopped by Adin Hill with a rebound.
13:15 of 1st period - Wrist shot by Alex Iafallo.
13:15 of 1st period - Shot Misses the Net.
13:32 of 1st period - Snap shot by Blake Wheeler.
13:32 of 1st period - Shot Misses the Net.
13:34 of 1st period - Wrist shot by Thomas Novak.
13:34 of 1st period - Stopped by Martin Jones with a rebound.
13:36 of 1st period - Snap shot by Kevin Labanc.
13:36 of 1st period - Shot Misses the Net.
13:58 of 1st period - Wrist shot by Andreas Athanasiou.
13:58 of 1st period - Goal by Andreas Athanasiou - Nashville Predators : 0 - San Jose Sharks : 1.
13:59 of 1st period - Adam Henrique wins face-off versus Thomas Novak in neutral zone.
14:06 of 1st period - Blake Wheeler is hit by Adam Henrique and loses puck.
14:50 of 1st period - Snap shot by Nicholas Paul.
14:50 of 1st period - Stopped by Adin Hill with a rebound.
14:52 of 1st period - Snap shot by Travis Boyd.
14:52 of 1st period - Goal by Travis Boyd - Nashville Predators : 0 - San Jose Sharks : 2.
14:53 of 1st period - Adam Henrique wins face-off versus Thomas Novak in neutral zone.
15:06 of 1st period - Snap shot by Blake Wheeler.
15:06 of 1st period - Stopped by Martin Jones without a rebound.
15:07 of 1st period - William Karlsson wins face-off versus Riley Nash in San Jose Sharks zone.
15:29 of 1st period - Minor Penalty to Anthony Deangelo for Holding.
15:30 of 1st period - Blake Wheeler wins face-off versus Adam Henrique in San Jose Sharks zone.
15:35 of 1st period - Wrist shot by Cale Makar.
15:35 of 1st period - Shot Misses the Net.
15:37 of 1st period - Slapshot by Cale Makar.
15:37 of 1st period - Stopped by Martin Jones with a rebound.
16:53 of 1st period - Cale Makar is hit by Derek Forbort and loses puck.
17:29 of 1st period - Penalty to Anthony Deangelo is over, Anthony Deangelo is back on ice.
17:49 of 1st period - Icing by Nicholas Paul.
17:50 of 1st period - Nicholas Paul wins face-off versus Ryan Carpenter in San Jose Sharks zone.
17:55 of 1st period - Backhand shot by Andreas Athanasiou.
17:55 of 1st period - Deflect By Nicholas Paul.
17:55 of 1st period - Shot Misses the Net.
17:55 of 1st period - Puck is out of play.
17:56 of 1st period - Nicholas Paul wins face-off versus Ryan Carpenter in Nashville Predators zone.
18:23 of 1st period - Snap shot by Ryan Hartman.
18:23 of 1st period - Stopped by Adin Hill without a rebound.
18:24 of 1st period - Michael Carcone wins face-off versus Adam Henrique in Nashville Predators zone.
18:37 of 1st period - Backhand shot by Cale Makar.
18:37 of 1st period - Stopped by Martin Jones with a rebound.
19:16 of 1st period - Snap shot by William Karlsson.
19:16 of 1st period - Shot Misses the Net.
19:18 of 1st period - Snap shot by Oliver Bjorkstrand.
19:18 of 1st period - Shot Misses the Net.
19:20 of 1st period - Snap shot by William Karlsson.
19:20 of 1st period - Shot Blocked by Kevin Labanc.
19:30 of 1st period - Wrist shot by Blake Wheeler.
19:30 of 1st period - Shot Misses the Net.
19:32 of 1st period - Slapshot by Nate Schmidt.
19:32 of 1st period - Stopped by Martin Jones with a rebound.
19:34 of 1st period - Slapshot by Zemgus Girgensons.
19:34 of 1st period - Stopped by Martin Jones without a rebound.
19:35 of 1st period - Adam Henrique wins face-off versus Riley Nash in San Jose Sharks zone.
19:44 of 1st period - Wrist shot by Zemgus Girgensons.
19:44 of 1st period - Deflect By Sam Gagner.
19:44 of 1st period - Stopped by Martin Jones with a rebound.
Goals for this period are 0 for Nashville Predators vs 2 for San Jose Sharks.
Shots for this period are 14 for Nashville Predators vs 11 for San Jose Sharks.
2nd period
0:01 of 2nd period - William Karlsson wins face-off versus Thomas Novak in neutral zone.
0:08 of 2nd period - Snap shot by Oliver Bjorkstrand.
0:08 of 2nd period - Shot Misses the Net.
0:33 of 2nd period - Snap shot by Alex Iafallo.
0:33 of 2nd period - Stopped by Adin Hill without a rebound.
0:34 of 2nd period - Adam Henrique wins face-off versus Riley Nash in Nashville Predators zone.
0:35 of 2nd period - Wrist shot by Alex Iafallo.
0:35 of 2nd period - Stopped by Adin Hill without a rebound.
0:36 of 2nd period - Adam Henrique wins face-off versus Riley Nash in Nashville Predators zone.
0:51 of 2nd period - Snap shot by Ryan Hartman.
0:51 of 2nd period - Shot Blocked by Justin Braun.
1:23 of 2nd period - Off-side.
1:24 of 2nd period - Michael Carcone wins face-off versus Nicholas Paul in neutral zone.
1:39 of 2nd period - Wrist shot by Andreas Athanasiou.
1:39 of 2nd period - Shot Misses the Net.
1:53 of 2nd period - Wrist shot by Oliver Bjorkstrand.
1:53 of 2nd period - Shot Blocked by Michael Carcone.
2:03 of 2nd period - Off-side.
2:04 of 2nd period - Adam Henrique wins face-off versus Thomas Novak in neutral zone.
2:09 of 2nd period - Snap shot by Blake Wheeler.
2:09 of 2nd period - Shot Misses the Net.
2:58 of 2nd period - Slapshot by Nicholas Paul.
2:58 of 2nd period - Shot Misses the Net.
3:00 of 2nd period - Wrist shot by Travis Boyd.
3:00 of 2nd period - Stopped by Adin Hill with a rebound.
3:04 of 2nd period - Wrist shot by Andreas Athanasiou.
3:04 of 2nd period - Shot Misses the Net.
3:39 of 2nd period - Wrist shot by Michael Carcone.
3:39 of 2nd period - Shot Misses the Net.
3:57 of 2nd period - Snap shot by Ryan Hartman.
3:57 of 2nd period - Stopped by Adin Hill without a rebound.
3:58 of 2nd period - Adam Henrique wins face-off versus Riley Nash in Nashville Predators zone.
4:11 of 2nd period - Derek Forbort is hit by Zemgus Girgensons and loses puck.
4:45 of 2nd period - Slapshot by Sam Gagner.
4:45 of 2nd period - Shot Misses the Net.
4:47 of 2nd period - Wrist shot by Riley Nash.
4:47 of 2nd period - Shot Misses the Net.
4:49 of 2nd period - Slapshot by Justin Braun.
4:49 of 2nd period - Shot Blocked by Adam Henrique.
4:51 of 2nd period - Wrist shot by Sam Gagner.
4:51 of 2nd period - Stopped by Martin Jones without a rebound.
4:52 of 2nd period - Thomas Novak wins face-off versus William Karlsson in San Jose Sharks zone.
4:53 of 2nd period - Snap shot by Blake Wheeler.
4:53 of 2nd period - Goal by Blake Wheeler - Nashville Predators : 1 - San Jose Sharks : 2.
4:54 of 2nd period - Thomas Novak wins face-off versus William Karlsson in neutral zone.
4:59 of 2nd period - Snap shot by Blake Wheeler.
4:59 of 2nd period - Stopped by Martin Jones with a rebound.
5:01 of 2nd period - Slapshot by Thomas Novak.
5:01 of 2nd period - Goal by Thomas Novak - Nashville Predators : 2 - San Jose Sharks : 2.
5:02 of 2nd period - Blake Wheeler wins face-off versus Nicholas Paul in neutral zone.
5:05 of 2nd period - Slapshot by Cale Makar.
5:05 of 2nd period - Stopped by Martin Jones without a rebound.
5:06 of 2nd period - Nicholas Paul wins face-off versus Thomas Novak in San Jose Sharks zone.
5:31 of 2nd period - Corey Perry is hit by William Karlsson and loses puck.
6:00 of 2nd period - Wrist shot by Patrick Maroon.
6:00 of 2nd period - Shot Blocked by Adam Henrique.
6:02 of 2nd period - Minor Penalty to Ryan Hartman for High sticking.
6:03 of 2nd period - Alex Iafallo wins face-off versus Thomas Novak in San Jose Sharks zone.
6:03 of 2nd period - Alex Iafallo is hit by Sam Gagner.
6:13 of 2nd period - Slapshot by Alex Iafallo.
6:13 of 2nd period - Shot Blocked by Riley Nash.
6:29 of 2nd period - Nate Schmidt is hit by Adam Henrique and loses puck.
6:34 of 2nd period - Wrist shot by William Karlsson.
6:34 of 2nd period - Shot Blocked by Alexander Alexeyev.
6:36 of 2nd period - Slapshot by Derek Forbort.
6:36 of 2nd period - Deflect By William Karlsson.
6:36 of 2nd period - Stopped by Adin Hill with a rebound.
6:38 of 2nd period - Backhand shot by Derek Forbort.
6:38 of 2nd period - Deflect By William Karlsson.
6:38 of 2nd period - Shot Misses the Net.
6:38 of 2nd period - Puck is out of play.
6:39 of 2nd period - Adam Henrique wins face-off versus Thomas Novak in Nashville Predators zone.
7:18 of 2nd period - Jacob Middleton is hit by Thomas Novak and loses puck.
8:02 of 2nd period - Penalty to Ryan Hartman is over, Ryan Hartman is back on ice.
8:19 of 2nd period - Wrist shot by Ryan Carpenter.
8:19 of 2nd period - Stopped by Martin Jones with a rebound.
8:21 of 2nd period - Snap shot by Brett Leason.
8:21 of 2nd period - Stopped by Martin Jones with a rebound.
8:23 of 2nd period - Slapshot by Justin Braun.
8:23 of 2nd period - Shot Misses the Net.
8:33 of 2nd period - Ryan Hartman is hit by Sam Gagner and loses puck.
9:31 of 2nd period - Jacob Middleton is hit by Alex Newhook and loses puck.
9:47 of 2nd period - Minor Penalty to Riley Nash for Holding.
9:48 of 2nd period - Ryan Carpenter wins face-off versus Adam Henrique in Nashville Predators zone.
10:20 of 2nd period - Snap shot by Ryan Strome.
10:20 of 2nd period - Stopped by Adin Hill with a rebound.
11:04 of 2nd period - Cale Makar is hit by Anthony Deangelo and loses puck.
11:47 of 2nd period - Penalty to Riley Nash is over, Riley Nash is back on ice.
12:23 of 2nd period - Wrist shot by Riley Nash.
12:23 of 2nd period - Stopped by Martin Jones with a rebound.
12:27 of 2nd period - Slapshot by Cale Makar.
12:27 of 2nd period - Stopped by Martin Jones with a rebound.
12:29 of 2nd period - Slapshot by Rasmus Ristolainen.
12:29 of 2nd period - Shot Blocked by Derek Forbort.
12:31 of 2nd period - Snap shot by Brett Leason.
12:31 of 2nd period - Stopped by Martin Jones without a rebound.
12:32 of 2nd period - Michael Carcone wins face-off versus Mike Hoffman in San Jose Sharks zone.
12:43 of 2nd period - Wrist shot by Michael Carcone.
12:43 of 2nd period - Shot Misses the Net.
12:45 of 2nd period - Slapshot by Justin Braun.
12:45 of 2nd period - Deflect By Michael Carcone.
12:45 of 2nd period - Stopped by Martin Jones with a rebound.
12:47 of 2nd period - Wrist shot by Alex Newhook.
12:47 of 2nd period - Stopped by Martin Jones with a rebound.
13:15 of 2nd period - Jacob Middleton is hit by Sam Gagner.
14:10 of 2nd period - Markus Niemelainen is hit by Ryan Hartman and loses puck.
14:27 of 2nd period - Markus Niemelainen is hit by Oliver Bjorkstrand.
14:41 of 2nd period - Wrist shot by Michael Carcone.
14:41 of 2nd period - Shot Misses the Net.
14:43 of 2nd period - Slapshot by Rasmus Ristolainen.
14:43 of 2nd period - Shot Misses the Net.
14:45 of 2nd period - Wrist shot by Michael Carcone.
14:45 of 2nd period - Stopped by Martin Jones with a rebound.
15:49 of 2nd period - Slapshot by Michael Carcone.
15:49 of 2nd period - Stopped by Martin Jones with a rebound.
15:51 of 2nd period - Snap shot by Corey Perry.
15:51 of 2nd period - Stopped by Martin Jones with a rebound.
16:18 of 2nd period - Rasmus Ristolainen is hit by Jacob Middleton and loses puck.
16:33 of 2nd period - Sam Gagner is hit by Jacob Middleton and loses puck.
17:38 of 2nd period - Snap shot by Andreas Athanasiou.
17:38 of 2nd period - Stopped by Adin Hill with a rebound.
17:40 of 2nd period - Slapshot by Joel Edmundson.
17:40 of 2nd period - Stopped by Adin Hill without a rebound.
17:41 of 2nd period - Nicholas Paul wins face-off versus Riley Nash in Nashville Predators zone.
17:50 of 2nd period - Snap shot by Andreas Athanasiou.
17:50 of 2nd period - Stopped by Adin Hill without a rebound.
17:51 of 2nd period - Adam Henrique wins face-off versus Riley Nash in Nashville Predators zone.
17:54 of 2nd period - Wrist shot by Ryan Hartman.
17:54 of 2nd period - Stopped by Adin Hill with a rebound.
18:00 of 2nd period - Snap shot by Nate Schmidt.
18:00 of 2nd period - Stopped by Martin Jones without a rebound.
18:01 of 2nd period - Kevin Labanc wins face-off versus Adam Henrique in San Jose Sharks zone.
18:26 of 2nd period - Alex Iafallo is hit by Alex Newhook and loses puck.
18:47 of 2nd period - Slapshot by Ryan Strome.
18:47 of 2nd period - Shot Misses the Net.
18:49 of 2nd period - Wrist shot by Nikita Zadorov.
18:49 of 2nd period - Stopped by Adin Hill without a rebound.
18:50 of 2nd period - Thomas Novak wins face-off versus William Karlsson in Nashville Predators zone.
18:50 of 2nd period - Thomas Novak is hit by Ryan Strome.
19:15 of 2nd period - Ryan Strome is hit by Riley Nash and loses puck.
19:24 of 2nd period - Rasmus Ristolainen is hit by Joel Edmundson and loses puck.
19:38 of 2nd period - Minor Penalty to Anthony Deangelo for Hooking.
19:39 of 2nd period - Alex Iafallo wins face-off versus Blake Wheeler in San Jose Sharks zone.
Goals for this period are 2 for Nashville Predators vs 0 for San Jose Sharks.
Shots for this period are 16 for Nashville Predators vs 11 for San Jose Sharks.
3rd period
0:01 of 3rd period - Adam Henrique wins face-off versus Thomas Novak in neutral zone.
0:13 of 3rd period - Wrist shot by Thomas Novak.
0:13 of 3rd period - Goal by Thomas Novak - Nashville Predators : 3 - San Jose Sharks : 2.
0:14 of 3rd period - Adam Henrique wins face-off versus Thomas Novak in neutral zone.
0:19 of 3rd period - Slapshot by Alex Iafallo.
0:19 of 3rd period - Shot Misses the Net.
0:21 of 3rd period - Snap shot by Calle Rosen.
0:21 of 3rd period - Stopped by Adin Hill with a rebound.
0:23 of 3rd period - Slapshot by Ryan Hartman.
0:23 of 3rd period - Shot Misses the Net.
1:22 of 3rd period - Nate Schmidt is hit by Mike Hoffman and loses puck.
1:47 of 3rd period - Adam Henrique is hit by Thomas Novak and loses puck.
2:06 of 3rd period - Wrist shot by William Karlsson.
2:06 of 3rd period - Stopped by Adin Hill with a rebound.
2:28 of 3rd period - Rasmus Ristolainen is hit by Derek Forbort and loses puck.
2:52 of 3rd period - Slapshot by Cale Makar.
2:52 of 3rd period - Deflect By Adam Henrique.
2:52 of 3rd period - Stopped by Martin Jones with a rebound.
2:54 of 3rd period - Snap shot by Riley Nash.
2:54 of 3rd period - Stopped by Martin Jones with a rebound.
2:56 of 3rd period - Snap shot by Riley Nash.
2:56 of 3rd period - Shot Blocked by Anthony Deangelo.
2:58 of 3rd period - Snap shot by Sam Gagner.
2:58 of 3rd period - Stopped by Martin Jones with a rebound.
3:08 of 3rd period - Alexander Alexeyev is hit by Anthony Deangelo and loses puck.
3:19 of 3rd period - Wrist shot by Michael Bunting.
3:19 of 3rd period - Stopped by Adin Hill with a rebound.
3:21 of 3rd period - Wrist shot by Mike Hoffman.
3:21 of 3rd period - Stopped by Adin Hill without a rebound.
3:22 of 3rd period - Michael Carcone wins face-off versus Nicholas Paul in Nashville Predators zone.
3:49 of 3rd period - Ryan Hartman is hit by Thomas Novak and loses puck.
4:06 of 3rd period - Snap shot by Michael Bunting.
4:06 of 3rd period - Goal by Michael Bunting - Nashville Predators : 3 - San Jose Sharks : 3.
4:07 of 3rd period - Thomas Novak wins face-off versus Adam Henrique in neutral zone.
4:07 of 3rd period - Cale Makar is hit by Anthony Deangelo and loses puck.
5:07 of 3rd period - Minor Penalty to Riley Nash for Roughing.
5:08 of 3rd period - William Karlsson wins face-off versus Ryan Carpenter in Nashville Predators zone.
5:34 of 3rd period - Derek Forbort is hit by Zemgus Girgensons and loses puck.
6:59 of 3rd period - Nikita Zadorov is hit by Brett Leason and loses puck.
7:07 of 3rd period - Penalty to Riley Nash is over, Riley Nash is back on ice.
7:19 of 3rd period - Minor Penalty to Alex Newhook for Hooking.
7:20 of 3rd period - Ryan Carpenter wins face-off versus Adam Henrique in Nashville Predators zone.
7:26 of 3rd period - Snap shot by Cale Makar.
7:26 of 3rd period - Shot Misses the Net.
7:32 of 3rd period - Brett Leason is hit by Ryan Hartman and loses puck.
8:53 of 3rd period - Ryan Strome is hit by Cale Makar and loses puck.
9:00 of 3rd period - Snap shot by Blake Wheeler.
9:00 of 3rd period - Shot Misses the Net.
9:19 of 3rd period - Penalty to Alex Newhook is over, Alex Newhook is back on ice.
9:50 of 3rd period - Justin Braun is hit by Jacob Middleton and loses puck.
10:31 of 3rd period - Derek Forbort is hit by Alexander Alexeyev and loses puck.
10:44 of 3rd period - Thomas Novak is hit by Joel Edmundson.
11:06 of 3rd period - Slapshot by Cale Makar.
11:06 of 3rd period - Deflect By Oliver Bjorkstrand.
11:06 of 3rd period - Stopped by Martin Jones without a rebound.
11:07 of 3rd period - William Karlsson wins face-off versus Riley Nash in San Jose Sharks zone.
11:58 of 3rd period - Slapshot by Michael Bunting.
11:58 of 3rd period - Goal by Michael Bunting - Nashville Predators : 3 - San Jose Sharks : 4.
11:59 of 3rd period - Thomas Novak wins face-off versus Adam Henrique in neutral zone.
12:32 of 3rd period - Minor Penalty to Cale Makar for High sticking.
12:33 of 3rd period - Ryan Carpenter wins face-off versus William Karlsson in Nashville Predators zone.
12:45 of 3rd period - Snap shot by Oliver Bjorkstrand.
12:45 of 3rd period - Stopped by Adin Hill without a rebound.
12:46 of 3rd period - Ryan Strome wins face-off versus Brett Leason in Nashville Predators zone.
13:01 of 3rd period - Snap shot by Ryan Strome.
13:01 of 3rd period - Shot Misses the Net.
13:17 of 3rd period - Zemgus Girgensons is hit by William Karlsson and loses puck.
14:32 of 3rd period - Penalty to Cale Makar is over, Cale Makar is back on ice.
14:41 of 3rd period - Andreas Athanasiou is hit by Cale Makar and loses puck.
15:02 of 3rd period - Jacob Middleton is hit by Patrick Maroon and loses puck.
15:13 of 3rd period - Snap shot by Cale Makar.
15:13 of 3rd period - Stopped by Martin Jones without a rebound.
15:14 of 3rd period - Nicholas Paul wins face-off versus Thomas Novak in San Jose Sharks zone.
15:14 of 3rd period - Nicholas Paul is hit by Kevin Labanc.
15:32 of 3rd period - Markus Niemelainen is hit by Travis Boyd and loses puck.
16:30 of 3rd period - Snap shot by William Karlsson.
16:30 of 3rd period - Shot Misses the Net.
16:38 of 3rd period - Slapshot by Oliver Bjorkstrand.
16:38 of 3rd period - Shot Misses the Net.
17:51 of 3rd period - Snap shot by Alex Newhook.
17:51 of 3rd period - Shot Misses the Net.
17:53 of 3rd period - Wrist shot by Alex Newhook.
17:53 of 3rd period - Shot Misses the Net.
18:03 of 3rd period - Wrist shot by Michael Carcone.
18:03 of 3rd period - Shot Blocked by Anthony Deangelo.
18:05 of 3rd period - Slapshot by Alexander Alexeyev.
18:05 of 3rd period - Stopped by Martin Jones with a rebound.
18:31 of 3rd period - Nashville Predators, Adin Hill is pulled from the net.
18:41 of 3rd period - Wrist shot by Corey Perry.
18:41 of 3rd period - Stopped by Martin Jones with a rebound.
18:57 of 3rd period - Snap shot by Alex Newhook.
18:57 of 3rd period - Deflect By Corey Perry.
18:57 of 3rd period - Shot Blocked by Joel Edmundson.
18:57 of 3rd period - Puck is out of play.
18:58 of 3rd period - Peter Laviolette call a timeout for Nashville Predators.
18:58 of 3rd period - Blake Wheeler wins face-off versus Michael Bunting in San Jose Sharks zone.
19:05 of 3rd period - Slapshot by Blake Wheeler.
19:05 of 3rd period - Shot Misses the Net.
19:07 of 3rd period - Slapshot by Brett Leason.
19:07 of 3rd period - Shot Blocked by Michael Bunting.
19:09 of 3rd period - Wrist shot by Brett Leason.
19:09 of 3rd period - Shot Blocked by Nikita Zadorov.
19:23 of 3rd period - Wrist shot by Kevin Labanc.
19:23 of 3rd period - Shot Blocked by Nikita Zadorov.
19:25 of 3rd period - Snap shot by Rasmus Ristolainen.
19:25 of 3rd period - Stopped by Martin Jones with a rebound.
19:33 of 3rd period - Wrist shot by Kevin Labanc.
19:33 of 3rd period - Shot Misses the Net.
Goals for this period are 1 for Nashville Predators vs 2 for San Jose Sharks.
Shots for this period are 9 for Nashville Predators vs 7 for San Jose Sharks.
Back to the Top